[Event "Late-Titled-Tuesday-Blitz-June-25-2024"]
[Site "Chess.com"]
[Date "2024.06.25"]
[Round "1"]
[White "AlexeiShirov"]
[Black "jlf287"]
[Result "1-0"]
[WhiteElo "2857"]
[BlackElo "2484"]
[TimeControl "180+1"]
[EndTime "14:07:30 PDT"]
[Termination "AlexeiShirov won by resignation"]

1. e4 e5 2. Nf3 Nc6 3. Bb5 a6 4. Ba4 Nf6 5. O-O Be7 6. Re1 b5 7. Bb3 O-O 8. h3 Bb7 9. d3 d5 10. exd5 Nxd5 11. Nxe5 Nd4 12. Nc3 Nb4 13. a3 Nxb3 14.
cxb3 Nd5 15. Ne4 Re8 16. d4 Nf6 17. Ng5 Bd5 18. Bd2 h6 19. Ngf3 c5 20. dxc5 Bxc5 21.
Rc1 Qb6 22. Be3 Bxe3 23. Rxe3 Rad8 24. Qe1 Rc8 25. Rxc8 Rxc8 26. b4 Qc7 27. Rc3 Qb7 28. Rxc8+ Qxc8 29. Nd4 Qb7 30. f3 Qb6 31. Qe3 Be6 32.
Nd3 Nd5 33. Qe5 Ne7 34. Nc5 Nc6 35. Qd6 Qd8 36. Qxd8+ Nxd8 37. Nxa6 Bd5 38. Nc7 Bc4 39. Ncxb5 Kf8 40. Nd6 Bd5 41. a4 Ke7 42. N6f5+ Kf6 43. a5 Ke5 44. Kf2 g6 45. Ke3 gxf5 46. f4+ Kf6 47. g3 Be4 48. b5 Ke7 49. b4 Kd6 50. g4 Kd5 51. Nxf5 Bxf5 52. gxf5 Kc4 53. a6 1-0

[Event "Late-Titled-Tuesday-Blitz-June-25-2024"]
[Site "Chess.com"]
[Date "2024.06.25"]
[Round "1"]
[White "ManMish2"]
[Black "KatakuriDono"]
[Result "1-0"]
[WhiteElo "2626"]
[BlackElo "2327"]
[TimeControl "180+1"]
[EndTime "14:07:30 PDT"]
[Termination "ManMish2 won by resignation"]

1. e4 c5 2. c3 Nf6 3. e5 Nd5 4. d4 cxd4 5. Nf3 Nc6 6. Bc4 Nb6 7. Bb3 d6 8. exd6 e6 9. Nxd4 Nxd4 10. Qxd4 Qxd6 11. Be3 Bd7 12. O-O Qxd4 13. Bxd4 Bc6 14. Nd2 O-O-O 15. Rfd1 Rg8 16. a4 Kb8 17. a5 Nd5 18.
Nc4 f6 19. Ne3 Be7 20. Nxd5 Bxd5 21. Bxd5 Rxd5 22. c4 Rdd8 23. a6 b6 24. Kf1 e5 25.
Be3 Rxd1+ 26. Rxd1 Rd8 27. Rxd8+ Bxd8 28. b4 Be7 29. b5 Kc7 30. Ke2 f5 31. f3 g6 32.
Kd3 Bd6 33. h3 Be7 34. g4 Bd6 35. Bg5 Kd7 36. Bh4 Kc7 37. gxf5 gxf5 38. Bf6 Kd7 39. c5 Bxc5 40. Bxe5 Bd6 41. Kd4 Ke6 42. Bg7 Bc5+ 43.
Kc4 Bd6 44. Bd4 Bc7 45. Bf2 Bd6 46. Bxb6 Bb8 47. Bf2 Kd7 48. Kd5 h5 49. b6 axb6 50. Bxb6 1-0

[Event "Late-Titled-Tuesday-Blitz-June-25-2024"]
[Site "Chess.com"]
[Date "2024.06.25"]
[Round "1"]
[White "Chaubunagungamaug1"]
[Black "boguszp"]
[Result "1-0"]
[WhiteElo "2543"]
[BlackElo "1982"]
[TimeControl "180+1"]
[EndTime "14:07:32 PDT"]
[Termination "Chaubunagungamaug1 won on time"]

1. b3 d5 2. Bb2 Nf6 3. e3 Bf5 4. Nf3 e6 5. c4 c6 6. Be2 Nbd7 7. O-O Be7 8. Nh4 Bxb1 9. Rxb1 Ne4 10.
Nf3 O-O 11. d3 Nef6 12. Qc2 Rc8 13. Rbd1 Qa5 14. a3 Qb6 15. Ne5 Rfd8 16. d4 Nxe5 17. dxe5 Nd7 18. b4 Qc7 19. f4 dxc4 20. Bxc4 Nb6 21.
Bd3 g6 22. Qf2 Nd5 23. e4 Nb6 24. f5 exf5 25. exf5 Bf8 26. fxg6 hxg6 27. e6 f5 28. g4 Bg7 29. gxf5 gxf5 30. Bxf5 Bxb2 31. Qxb2 Qg7+ 32. Qxg7+ Kxg7 33. e7 Rxd1 34. Bxc8 Rxf1+ 35. Kxf1 Kf7 36. Bxb7 Kxe7 37. Bxc6 Nc4 38. a4 Ne5 39. b5 Kd6 40. h4 1-0

[Event "Late-Titled-Tuesday-Blitz-June-25-2024"]
[Site "Chess.com"]
[Date "2024.06.25"]
[Round "1"]
[White "RandomNoob04"]
[Black "RodriQA"]
[Result "1/2-1/2"]
[WhiteElo "2810"]
[BlackElo "2482"]
[TimeControl "180+1"]
[EndTime "14:07:33 PDT"]
[Termination "Game drawn by repetition"]

1. e4 c6 2. d4 d5 3. exd5 cxd5 4.
c4 Nf6 5. Nc3 Nc6 6. Bg5 Be6 7.
Be2 h6 8. Bxf6 exf6 9. Bf3 Bb4 10. Ne2 O-O 11. O-O Ne7 12. c5 b6 13. a3 Bxc3 14.
Nxc3 bxc5 15. dxc5 a6 16. b4 Rb8 17. Ne2 Nf5 18.
Nd4 Nxd4 19. Qxd4 Qc7 20. Rfd1 Rfd8 21. Rab1 Qe5 22. a4 Bf5 23. Rb2 Qc7 24. g3 Be4 25. Qe3 Qc6 26. Bxe4 dxe4 27. Rxd8+ Rxd8 28. b5 axb5 29. axb5 Qe6 30. Rd2 Ra8 31. Rd1 Qc4 32. b6 f5 33. Qd4 Qc2 34. b7 Rb8 35. Qd8+ Kh7 36. c6 e3 37. fxe3 Rxd8 38. Rxd8 Qe2 39. Rh8+ Kg6 40.
Rxh6+ gxh6 41. b8=Q Qe1+ 42. Kg2 Qe2+ 43. Kg1 Qe1+ 44. Kg2 Qe2+ 45. Kh3 Qh5+ 46. Kg2 Qe2+ 1/2-1/2

[Event "Late-Titled-Tuesday-Blitz-June-25-2024"]
[Site "Chess.com"]
[Date "2024.06.25"]
[Round "1"]
[White "RaugintaBulba"]
[Black "mac0504"]
[Result "0-1"]
[WhiteElo "2451"]
[BlackElo "2769"]
[TimeControl "180+1"]
[EndTime "14:07:33 PDT"]
[Termination "mac0504 won on time"]

1. d4 d6 2. Nf3 Nc6 3. c4 e5 4. Nc3 exd4 5. Nxd4 g6 6. g3 Bg7 7. e3 Nxd4 8. exd4 Ne7 9. Bg2 O-O 10. O-O Nf5 11. d5 Bd7 12. Ne4 h6 13. Qd3 a5 14.
Rb1 a4 15. Bd2 Re8 16. Bc3 f6 17. Rfe1 Kh7 18. Qf3 h5 19. h3 b5 20. c5 b4 21.
Bxb4 Nd4 22. Qd3 f5 23. Nd2 Bb5 24. Nc4 f4 25. cxd6 cxd6 26. Bc3 Qc7 27. Bf1 Bxc4 28. Qxc4 Nf3+ 29. Kg2 Nxe1+ 30. Rxe1 Qxc4 31. Bxc4 Rxe1 32. Bxe1 fxg3 33. b4 axb3 34. axb3 gxf2 35. Bxf2 Be5 36. b4 Ra3 37. b5 Rc3 38. Be2 Rc2 39. Bd3 Rd2 40. b6 Rxd3 41. b7 Rb3 0-1

[Event "Late-Titled-Tuesday-Blitz-June-25-2024"]
[Site "Chess.com"]
[Date "2024.06.25"]
[Round "1"]
[White "tptagain"]
[Black "komogro"]
[Result "1-0"]
[WhiteElo "3017"]
[BlackElo "2514"]
[TimeControl "180+1"]
[EndTime "14:07:34 PDT"]
[Termination "tptagain won on time"]

1. Nf3 g6 2. d4 Bg7 3. e3 d6 4. b4 Nf6 5. Bb2 O-O 6. Be2 Bf5 7.
c4 c6 8. O-O a5 9. b5 cxb5 10.
cxb5 Nbd7 11. Nc3 Nb6 12. Nd2 a4 13. Rc1 Be6 14. e4 a3 15. Ba1 Qb8 16. d5 Bc8 17.
Ncb1 Nfd7 18. Bxg7 Kxg7 19. Nb3 Nf6 20. Qd4 Qa7 21. Rc7 Bd7 22. f4 Kg8 23. Bd3 Rfc8 24. Rfc1 Rxc7 25. Rxc7 Rc8 26. Rxc8+ Nxc8 27. Qxa7 Nxa7 28.
Nxa3 b6 29. h3 e6 30. dxe6 Bxe6 31. Kf2 Nd7 32. Ke3 Nc5 33. Bc2 Kf8 34. g4 Bd7 35.
Nxc5 dxc5 36. Nc4 Nxb5 37. Nxb6 Bc6 38. Na4 Nd4 39. Bd1 1-0

[Event "Late-Titled-Tuesday-Blitz-June-25-2024"]
[Site "Chess.com"]
[Date "2024.06.25"]
[Round "1"]
[White "JSPrepz"]
[Black "1g60-1"]
[Result "0-1"]
[WhiteElo "2812"]
[BlackElo "2485"]
[TimeControl "180+1"]
[EndTime "14:07:35 PDT"]
[Termination "1g60-1 won by checkmate"]

1. e4 e6 2. d4 d5 3. Nc3 Nf6 4. Bg5 Be7 5. e5 Nfd7 6. h4 h6 7. Bxe7 Qxe7 8. f4 a6 9. Nf3 c5 10. Qd2 Nc6 11. Bd3 b5 12. dxc5 Nxc5 13. O-O-O O-O 14. Rh3 f5 15. exf6 Qxf6 16. Ne2 e5 17.
fxe5 Nxe5 18. Rg3 Nexd3+ 19. cxd3 Bf5 20. Nfd4 Rac8 21. Kb1 Bh7 22. Ka1 b4 23. Qxb4 Nxd3 24. Qb3 Nf4 25. Nxf4 Qxf4 26. Rxg7+ Kh8 27. Rxh7+ Kxh7 28. Qd3+ Qe4 29. Qd2 Rc4 30. a3 Rfc8 31. h5 Rxd4 32.
Qxd4 Rc1+ 33. Ka2 Qb1+ 34. Kb3 Rxd1 35. Qa7+ Kg8 36. Qb8+ Kf7 37. Qf4+ Ke7 38. Qe5+ Kd7 39. Qg7+ Ke6 40. Qxh6+ Ke5 41. Qg5+ Kd4 42. Qg7+ Kd3 43. h6 Qc2+ 44. Ka2 Qc4+ 45. b3 Rd2+ 46. Kb1 Qc2+ 47. Ka1 Qa2# 0-1

[Event "Late-Titled-Tuesday-Blitz-June-25-2024"]
[Site "Chess.com"]
[Date "2024.06.25"]
[Round "1"]
[White "Mops_2004"]
[Black "Eloist"]
[Result "1-0"]
[WhiteElo "2789"]
[BlackElo "2459"]
[TimeControl "180+1"]
[EndTime "14:07:35 PDT"]
[Termination "Mops_2004 won on time"]

1. d4 e6 2. e4 d5 3. e5 c5 4. c3 Qb6 5. Nf3 Bd7 6. Be2 cxd4 7. cxd4 Bb5 8. Nc3 Bxe2 9. Nxe2 Ne7 10. O-O Nd7 11. Ng3 Nc6 12. h4 Be7 13. Rb1 O-O-O 14. b4 Kb8 15. Be3 Rc8 16. Qe2 Qd8 17. Ng5 Qf8 18. a3 h6 19. Nf3 Nb6 20. h5 Nc4 21. Rb3 Ka8 22. Nd2 Nxd2 23. Qxd2 Nb8 24. a4 Rc4 25.
Rfb1 Qc8 26. Ne2 Qc7 27. Nf4 Nc6 28. a5 Rc8 29. R3b2 Nb8 30. Nd3 Rc2 31. Qd1 Rxb2 32.
Rxb2 Qc3 33. Qe2 Rc4 34. Nc5 Bxc5 35. bxc5 Rb4 36. Rxb4 Qxb4 37. Qg4 Qxa5 38. Qxg7 Qc7 39. Qxh6 a5 40. Qh7 a4 41. Qc2 1-0

[Event "Late-Titled-Tuesday-Blitz-June-25-2024"]
[Site "Chess.com"]
[Date "2024.06.25"]
[Round "1"]
[White "Jagerrmeisterr"]
[Black "szefru"]
[Result "1-0"]
[WhiteElo "2655"]
[BlackElo "2373"]
[TimeControl "180+1"]
[EndTime "14:07:35 PDT"]
[Termination "Jagerrmeisterr won on time"]

1. e4 e5 2. Nc3 Nc6 3. g3 Nf6 4.
Bg2 Bc5 5. d3 O-O 6. h3 d6 7.
Nge2 Be6 8. Na4 Bb6 9. Nxb6 axb6 10. c4 Qd7 11. g4 b5 12. cxb5 Na5 13. Bg5 Ne8 14. Nc3 c6 15. bxc6 bxc6 16. b4 Nb7 17. a4 d5 18. O-O d4 19. Ne2 c5 20. Bd2 Nc7 21. f4 f6 22. Ng3 Na6 23. b5 Nc7 24. f5 Bf7 25. g5 Kh8 26. Qg4 Na5 27. Qh4 Nb3 28. gxf6 Nxd2 29. fxg7+ Kxg7 30. Qg5+ Kh8 31. Qxd2 Rg8 32. Kh2 Qd8 33. Qh6 Qe7 34. b6 Ne8 35.
f6 Qb7 36. a5 Ra6 37. Bf3 Nd6 38. Bh5 c4 39. dxc4 Nxc4 40. Nf5 Rxa5 41. Rxa5 Nxa5 42. Rg1 Qc8 43. Bxf7 1-0

[Event "Late-Titled-Tuesday-Blitz-June-25-2024"]
[Site "Chess.com"]
[Date "2024.06.25"]
[Round "1"]
[White "chesspilot01"]
[Black "Nf3c5"]
[Result "0-1"]
[WhiteElo "2315"]
[BlackElo "2618"]
[TimeControl "180+1"]
[EndTime "14:07:35 PDT"]
[Termination "Nf3c5 won by checkmate"]

1. e4 c5 2. Nf3 Nc6 3. Nc3 e5 4. Bc4 Be7 5. O-O d6 6. h3 Nf6 7.
d3 O-O 8. Bg5 Nd7 9. Bxe7 Nxe7 10. a4 Nf6 11. Re1 Be6 12. Ng5 Bd7 13. Nb5 Bc8 14.
Qd2 h6 15. Nf3 Be6 16. Nc3 Ng6 17. Nd1 Nh5 18. Ne3 Nhf4 19. Kh2 Qf6 20. Nd5 Bxd5 21. Bxd5 Nxd5 22. exd5 Nf4 23. c4 Qg6 24. g3 Nxd3 25. Re3 Nb4 26. Nh4 Qc2 27. Re2 Qh7 28. Ra3 f5 29.
Rae3 f4 30. gxf4 Rxf4 31. Ng2 Rf7 32. Rg3 Raf8 33. Ne3 Kh8 34. Qe1 Nd3 35. Qg1 Rxf2+ 36. Rxf2 Rxf2+ 37. Rg2 Rf8 38. b3 Nf4 39. Rf2 Ng6 40.
Rxf8+ Nxf8 41. Qf2 Kg8 42. Nf5 Ng6 43. Nxd6 Nf4 44. Nxb7 Qd3 45. Qf1 Qxf1 46. d6 Qg2# 0-1

[Event "Late-Titled-Tuesday-Blitz-June-25-2024"]
[Site "Chess.com"]
[Date "2024.06.25"]
[Round "1"]
[White "Yurovskykh_Oleksandr"]
[Black "Connectedcloud"]
[Result "1-0"]
[WhiteElo "2613"]
[BlackElo "2304"]
[TimeControl "180+1"]
[EndTime "14:07:35 PDT"]
[Termination "Yurovskykh_Oleksandr won by resignation"]

1. d4 Nf6 2. Nf3 d5 3. c3 e6 4. Bf4 c5 5. e3 Nc6 6. Nbd2 Bd6 7. Bg3 O-O 8. Bb5 Qc7 9. dxc5 Bxg3 10. hxg3 e5 11. b4 e4 12. Nd4 Ne5 13. Qb3 a6 14. Be2 Bg4 15. f3 Nd3+ 16. Bxd3 Qxg3+ 17. Kf1 exd3 18. Qb1 Rfe8 19. Qxd3 Bh5 20. Re1 Bg6 21. Qe2 Qg5 22. Qf2 Bd3+ 23. Kg1 h5 24. Qh4 Qg6 25. Kf2 Rac8 26.
Qg3 Qh6 27. Qf4 Qxf4 28. exf4 Kf8 29. Re5 b6 30. cxb6 Rxc3 31. Rxe8+ Kxe8 32. b7 Nd7 33. Rxh5 Ra3 34. Rh8+ Ke7 35. b8=Q Nxb8 36. Rxb8 Rxa2 37.
Ke3 Bg6 38. Rb7+ Kd6 39. Rb6+ Kc7 40. Rc6+ Kb7 41. Rc5 Ra3+ 42. N4b3 f6 43. Kd4 Bf7 44.
Rc3 Ra4 45. Nc5+ Kb6 46. Nxa4+ Kb5 47. Nc5 Kxb4 48. Ndb3 Kb5 49. Rc1 a5 50. Ra1 a4 51.
Nxa4 Kb4 52. Nac5 Bg8 53. Ra4+ Kb5 54. Ra5+ Kb4 55. Ra8 Bf7 56. Ra7 Bg6 57. Rxg7 Bc2 58. Rf7 Bxb3 59. Nxb3 Kxb3 60. Rxf6 Kb4 61. Re6 1-0

[Event "Late-Titled-Tuesday-Blitz-June-25-2024"]
[Site "Chess.com"]
[Date "2024.06.25"]
[Round "1"]
[White "Walter_White_Poland"]
[Black "GoltsevDmitry2000"]
[Result "0-1"]
[WhiteElo "2413"]
[BlackElo "2707"]
[TimeControl "180+1"]
[EndTime "14:07:36 PDT"]
[Termination "GoltsevDmitry2000 won on time"]

1. e4 e6 2. d4 d5 3. Nc3 c5 4. Nf3 Nf6 5. Bg5 Nc6 6. exd5 exd5 7. Bxf6 gxf6 8. Bb5 a6 9. Be2 Be6 10. O-O Bd6 11. Na4 b6 12. c4 dxc4 13. d5 Bxd5 14. Nxb6 Qxb6 15. Qxd5 O-O-O 16. Qxc4 Rhg8 17. Qxa6+ Qxa6 18.
Bxa6+ Kc7 19. Bc4 Ne5 20. Nxe5 Bxe5 21. Bxf7 Rg7 22. Bc4 Rd2 23. Rad1 Rxb2 24. g3 Bd4 25. Kg2 Re7 26. Kf3 Re5 27. Rb1 Rc2 28. Rbc1 Rf5+ 29. Ke4 Rfxf2 30. Rxc2 Rxc2 31. Kd5 Rxh2 32. Rf4 Kd7 33. Rh4 Rxh4 34. gxh4 Kc7 35. h5 h6 36. Bd3 Kb6 37. Kc4 Ka5 38. Be4 Ka4 39. Bd5 Ka3 40.
Kd3 f5 41. Ke2 f4 42. Kd3 Kb4 43. Bc4 f3 44. Bd5 f2 45. Ke2 c4 46. Kf1 c3 47. Be4 Ka3 0-1

[Event "Late-Titled-Tuesday-Blitz-June-25-2024"]
[Site "Chess.com"]
[Date "2024.06.25"]
[Round "1"]
[White "ansko1999"]
[Black "ahachess"]
[Result "1/2-1/2"]
[WhiteElo "2589"]
[BlackElo "2324"]
[TimeControl "180+1"]
[EndTime "14:07:37 PDT"]
[Termination "Game drawn by repetition"]

1. Nf3 d5 2. c3 c5 3. d4 cxd4 4.
cxd4 Nc6 5. Nc3 Nf6 6. Bf4 a6 7. e3 Bg4 8. h3 Bh5 9. Bd3 e6 10. O-O Bd6 11. Bxd6 Qxd6 12. Qb3 b5 13. Nd2 O-O 14.
a4 b4 15. Ne2 Bg6 16. Nf4 Na5 17. Qd1 Rfc8 18. Nxg6 hxg6 19. Qe2 Nd7 20. Rfc1 Rcb8 21.
b3 e5 22. dxe5 Nxe5 23. Rc2 d4 24. e4 Nxd3 25. Qxd3 Rc8 26. Rac1 Rxc2 27. Rxc2 Re8 28. g3 Rd8 29. Kg2 g5 30. Nc4 Nxc4 31. Rxc4 f6 32.
a5 Kf8 33. Qd2 Qe5 34. Qxb4+ Kg8 35. Qb7 d3 36. Rc7 f5 37. Re7 Qd4 38. e5 Qd5+ 39. Qxd5+ Rxd5 40. e6 d2 41. Re8+ Kh7 42. e7 d1=Q 43.
Rh8+ Kxh8 44. e8=Q+ Kh7 45. Qf7 Qd3 46. Qh5+ Kg8 47. Qe8+ Kh7 48. Qh5+ Kg8 49. Qe8+ Kh7 50. Qh5+ 1/2-1/2

[Event "Late-Titled-Tuesday-Blitz-June-25-2024"]
[Site "Chess.com"]
[Date "2024.06.25"]
[Round "1"]
[White "rasmussvane"]
[Black "esskeettit"]
[Result "1-0"]
[WhiteElo "2976"]
[BlackElo "2506"]
[TimeControl "180+1"]
[EndTime "14:07:38 PDT"]
[Termination "rasmussvane won by resignation"]

1. Nf3 d5 2. g3 Nf6 3. Bg2 c6 4. O-O Bf5 5. c4 h6 6. Qb3 Qb6 7. d3 e6 8. cxd5 exd5 9. Qc2 Be7 10. Nc3 O-O 11. e4 dxe4 12. dxe4 Bh7 13. Be3 Qa5 14.
a3 Nbd7 15. Rad1 Rad8 16. h3 a6 17. Nd4 Rfe8 18. Rfe1 Qc7 19. f4 Bf8 20. Bf2 c5 21.
Nf5 c4 22. e5 Bxf5 23. Qxf5 Nh7 24. Bd5 Nc5 25. Bxc4 Ne6 26. Rxd8 Qxd8 27. Bxe6 fxe6 28. Qe4 Qc7 29. Rd1 Bc5 30. Bxc5 Qxc5+ 31. Kg2 Nf8 32. Qxb7 a5 33. Rd6 Qe3 34. Qf3 Qc1 35. Qe2 Rb8 36.
Rd2 a4 37. Qd1 Qxd1 38. Nxd1 Kf7 39. Nc3 Ra8 40. Rd4 Ke7 41. Nxa4 Rb8 42. Kf3 Nd7 43.
b4 g6 44. Rc4 Ra8 45. b5 Kd8 46. Rd4 Rb8 47. Nc5 1-0

[Event "Late-Titled-Tuesday-Blitz-June-25-2024"]
[Site "Chess.com"]
[Date "2024.06.25"]
[Round "1"]
[White "Tonychess32"]
[Black "OIAM03"]
[Result "1-0"]
[WhiteElo "2541"]
[BlackElo "1974"]
[TimeControl "180+1"]
[EndTime "14:07:38 PDT"]
[Termination "Tonychess32 won on time"]

1. e4 c5 2. Nf3 d6 3. c3 Nf6 4. Bd3 g6 5. Bc2 Bg7 6. O-O O-O 7. Re1 Nc6 8. h3 e5 9. d3 Be6 10. Nbd2 d5 11. Qe2 Qc7 12. Nf1 d4 13. c4 a6 14. Ng3 b5 15. b3 Nd7 16. Ng5 Nb6 17. Nxe6 fxe6 18. Qg4 Qf7 19. Qe2 Nb4 20. a3 Nxc2 21. Qxc2 bxc4 22. bxc4 Rab8 23. Rb1 Nd7 24.
Rxb8 Nxb8 25. Rf1 Nc6 26. Bd2 Qb7 27. Rb1 Qf7 28. Be1 Bh6 29. Nf1 Qf4 30. Nh2 Bg7 31. Qa4 Ne7 32. Qxa6 g5 33. Qxe6+ Qf7 34. Qxf7+ Kxf7 35.
Nf3 h6 36. a4 Ra8 37. a5 Nc6 38. Rb7+ Kf8 39. Rb5 Ke7 40. Rxc5 Kd6 41. Rd5+ Ke6 42.
Bd2 Bf8 43. Rb5 Bd6 44. Rb6 Kd7 45. Rb7+ Ke6 46. Rh7 1-0

[Event "Late-Titled-Tuesday-Blitz-June-25-2024"]
[Site "Chess.com"]
[Date "2024.06.25"]
[Round "1"]
[White "dasatcu90"]
[Black "KingCyber19"]
[Result "1-0"]
[WhiteElo "2287"]
[BlackElo "2588"]
[TimeControl "180+1"]
[EndTime "14:07:40 PDT"]
[Termination "dasatcu90 won by resignation"]

1. d4 d5 2. Nf3 Nf6 3. g3 e6 4.
Bg2 Be7 5. O-O O-O 6. Nbd2 b6 7. c4 Bb7 8. b3 Nbd7 9. Bb2 c5 10. cxd5 exd5 11. e3 Re8 12. Rc1 h6 13. Qc2 Rc8 14. Qb1 Ne4 15. Rfd1 Ndf6 16. Ne5 cxd4 17. Rxc8 Qxc8 18.
Bxd4 Nxd2 19. Rxd2 Ne4 20. Rc2 Qe6 21. Rc7 Ba8 22.
Rxa7 Bc5 23. Qb2 Bxd4 24. Qxd4 Nd6 25. Rxa8 Rxa8 26. Bxd5 Nf5 27. Qe4 Nd6 28. Qd3 Qxe5 29. Bxa8 g6 30. Bf3 Qa1+ 31. Kg2 Qe5 32. Qd5 Qe7 33. a4 Nf5 34. Qe4 Qf6 35. h4 h5 36.
b4 Nd6 37. Qc6 Qe5 38. a5 bxa5 39. bxa5 Nf5 40. Qd5 Qxd5 41. Bxd5 Nd6 42. a6 Nb5 43. Bc4 Na7 44. Kf3 Kf8 45. Ke4 Ke7 46. Kd5 f6 47. Kc5 Kd7 48. Kb6 Nc8+ 49. Kb7 Nd6+ 50. Kb8 Ne8 51.
Bb5+ 1-0

[Event "Late-Titled-Tuesday-Blitz-June-25-2024"]
[Site "Chess.com"]
[Date "2024.06.25"]
[Round "1"]
[White "cukricek"]
[Black "TheSilmarils"]
[Result "1/2-1/2"]
[WhiteElo "2499"]
[BlackElo "2864"]
[TimeControl "180+1"]
[EndTime "14:07:42 PDT"]
[Termination "Game drawn - insufficient material"]

1. g3 d5 2. Nf3 c6 3. Bg2 Bf5 4. d3 e6 5. O-O h6 6. Nc3 Bh7 7.
e4 Nf6 8. Nd2 Be7 9. f4 c5 10.
Kh1 Nc6 11. g4 d4 12. Ncb1 g5 13. f5 Ne5 14. h3 Bd6 15. Nf3 Nfd7 16. Nxe5 Nxe5 17.
Nd2 Bc7 18. Qe1 Qd6 19. Qg3 Qd7 20. Qf2 O-O-O 21. Nb3 Qd6 22. Qg3 Bg8 23. Bd2 f6 24. fxe6 Bxe6 25. Rxf6 Qe7 26. Raf1 Rde8 27. Qf2 h5 28. Bxg5 hxg4 29. h4 Qd6 30. Bf4 b6 31.
Qg3 Qd7 32. Bxe5 Bxe5 33. Qxe5 Bxb3 34. Qg3 Be6 35. e5 Bd5 36. Rd6 Bxg2+ 37. Qxg2 Rxh4+ 38. Kg1 Qb7 39. Qxb7+ Kxb7 40. Rf7+ Ka6 41. a4 Rxe5 42. Rdd7 Ka5 43. Rxa7+ Kb4 44. Rfb7 Re6 45. a5 Rhh6 46. Ra6 Kb5 47. Raxb6+ Rxb6 48. Rxb6+ Rxb6 49. axb6 Kxb6 50. Kg2 Kb5 51. Kg3 c4 52. Kxg4 Kb4 53. dxc4 Kxc4 54. Kf4 d3 55. cxd3+ Kxd3 56. b4 Kc4 57. b5 Kxb5 1/2-1/2

[Event "Late-Titled-Tuesday-Blitz-June-25-2024"]
[Site "Chess.com"]
[Date "2024.06.25"]
[Round "1"]
[White "Good_Knight_Kiss"]
[Black "DucksParadise"]
[Result "1-0"]
[WhiteElo "2349"]
[BlackElo "2613"]
[TimeControl "180+1"]
[EndTime "14:07:42 PDT"]
[Termination "Good_Knight_Kiss won on time"]

1. e4 d5 2. exd5 Qxd5 3. Nc3 Qe5+ 4. Be2 Bg4 5. d4 Bxe2 6. Ngxe2 Qa5 7. d5 c6 8. O-O Nf6 9. Nf4 cxd5 10. Nfxd5 Nxd5 11. Qxd5 Qxd5 12. Nxd5 Na6 13. c4 e6 14. Re1 Bb4 15.
Nxb4 Nxb4 16. Re2 O-O-O 17. Be3 a6 18. Bb6 Rd7 19. a3 Nc6 20. b4 Nd4 21. Rb2 e5 22.
Re1 Re8 23. f4 e4 24. Kf2 Re6 25. Bxd4 Rxd4 26. c5 f5 27. g4 e3+ 28. Kf3 fxg4+ 29. Kxg4 Ree4 30. Kg5 Rxf4 31. Rxe3 Rf6 32. Re5 h6+ 33. Kh5 Rdf4 34. Rg2 R4f5+ 35. Rxf5 Rxf5+ 36. Kg6 Rf3 37. Rg3 Rf2 38. h3 h5 39. Kxh5 Rf7 40.
Kg6 1-0

[Event "Late-Titled-Tuesday-Blitz-June-25-2024"]
[Site "Chess.com"]
[Date "2024.06.25"]
[Round "1"]
[White "nindjaxx8"]
[Black "LoonsDeKoeben"]
[Result "1-0"]
[WhiteElo "2731"]
[BlackElo "2432"]
[TimeControl "180+1"]
[EndTime "14:07:43 PDT"]
[Termination "nindjaxx8 won by checkmate"]

1. d4 Nf6 2. c4 c5 3. e3 cxd4 4. exd4 d5 5. Nc3 Nc6 6. Nf3 Bg4 7. Be3 e6 8. Be2 Be7 9. O-O O-O 10. Rc1 dxc4 11.
h3 Bh5 12. Bxc4 Nb4 13. Qe2 a6 14. Rfd1 b5 15. Bb3 Nbd5 16. Bg5 h6 17. Bh4 Nf4 18.
Qe3 N4d5 19. Nxd5 exd5 20. Re1 Re8 21. Ne5 Qd6 22. Rc6 Qb4 23. Rec1 Ng4 24. hxg4 Bxh4 25. gxh5 Qe7 26. Bxd5 Rad8 27. Bxf7+ Qxf7 28. Nxf7 Rxe3 29. Nxd8 Rd3 30. Ne6 Rd2 31. g3 Bf6 32. Rc8+ Kf7 33. Nf4 Rxb2 34. R1c2 Rxc2 35. Rxc2 Bxd4 36. Rc6 a5 37.
Ra6 a4 38. Ra5 b4 39. Rxa4 Bc5 40. Nd3 Bd6 41. Nxb4 Kf6 42. Nd3 Kg5 43. Kg2 Kxh5 44. Kf3 Kg5 45. Rc4 h5 46. a4 Bb8 47. a5 h4 48. a6 h3 49. Rh4 h2 50. Rxh2 Ba7 51.
Rh7 g6 52. Rxa7 Kf5 53. Re7 Kg5 54. a7 Kh5 55. a8=Q Kg5 56. Qh8 Kf5 57. Re5# 1-0

[Event "Late-Titled-Tuesday-Blitz-June-25-2024"]
[Site "Chess.com"]
[Date "2024.06.25"]
[Round "1"]
[White "OppieZippy"]
[Black "crazy_machine"]
[Result "1/2-1/2"]
[WhiteElo "2355"]
[BlackElo "2628"]
[TimeControl "180+1"]
[EndTime "14:07:43 PDT"]
[Termination "Game drawn by repetition"]

1. d4 d5 2. Nf3 Nf6 3. c4 e6 4. h3 dxc4 5. e3 a6 6. a4 c5 7. Bxc4 cxd4 8. Nxd4 Bd6 9. O-O O-O 10.
b3 Qe7 11. Bb2 Rd8 12. Qe2 Nbd7 13. Nc3 Ne5 14. Rfd1 Nxc4 15. Qxc4 Bd7 16. Qd3 Rac8 17. Nf5 exf5 18. Qxd6 Qxd6 19. Rxd6 Be6 20. Rb6 Rd2 21. Nd1 Rcd8 22. Bd4 Bd5 23. Nc3 Bc6 24. b4 Nd7 25. b5 axb5 26. axb5 Nxb6 27. Bxb6 Rc8 28. bxc6 bxc6 29.
Bd4 c5 30. Bxc5 h6 31. Bd4 Rxd4 32. exd4 Rxc3 33. Ra5 g6 34. Rd5 Kf8 35. g3 Ke7 36. Kg2 Ke6 37. Re5+ Kd6 38. Ra5 Rd3 39. Ra4 h5 40. h4 Ke6 41. Kf1 Rd2 42. Ke1 Rb2 43. Kf1 Rb7 44. Kg2 Kd5 45. Kf3 Re7 46. Rb4 Rd7 47.
Kf4 Rc7 48. Ke3 Rc3+ 49. Kf4 Rc7 50. Ke3 Re7+ 51. Kf3 Ra7 52. Kf4 Rc7 1/2-1/2

[Event "Late-Titled-Tuesday-Blitz-June-25-2024"]
[Site "Chess.com"]
[Date "2024.06.25"]
[Round "1"]
[White "Denmark2015"]
[Black "talaicito"]
[Result "0-1"]
[WhiteElo "2626"]
[BlackElo "2366"]
[TimeControl "180+1"]
[EndTime "14:07:44 PDT"]
[Termination "talaicito won by resignation"]

1. d4 e6 2. c4 f5 3. Nc3 Nf6 4. Bg5 Bb4 5. Qb3 a5 6. a3 Bxc3+ 7.
Qxc3 h6 8. Bxf6 Qxf6 9. Nf3 d6 10.
e3 Nc6 11. c5 O-O 12. Bb5 Ne7 13. cxd6 Nd5 14. Qb3 cxd6 15. O-O Kh8 16. Rac1 Qf7 17. Bc4 a4 18. Qc2 Nf6 19. Bb5 Bd7 20. Bxd7 Qxd7 21. Qc7 Rfc8 22. Qxd7 Nxd7 23. d5 e5 24. Nh4 g6 25.
Nxg6+ Kg7 26. Ne7 Rxc1 27. Rxc1 Kf6 28. Nc8 Ra6 29. f4 Nc5 30. Nxd6 Rxd6 31. Rxc5 Rb6 32. Rc2 exf4 33. exf4 Ke7 34. Re2+ Kd7 35. h3 h5 36. Kf2 Rb3 37. Rd2 Kd6 38. Ke2 h4 39. Kd1 b5 40. Kc2 b4 41. axb4 Rxb4 42. g3 hxg3 43. Rg2 Rxf4 44. Rxg3 Kxd5 45. Kc3 Rc4+ 46. Kd2 Rb4 47. Kc2 f4 48. Rg8 Ke4 49. h4 f3 50.
Rf8 Ke3 51. h5 Rh4 52. Rf5 f2 53. Rf8 Ke2 54. Re8+ Kf3 55. Rf8+ Rf4 56. Rxf4+ Kxf4 57. h6 f1=Q 58. h7 Qh1 0-1

[Event "Late-Titled-Tuesday-Blitz-June-25-2024"]
[Site "Chess.com"]
[Date "2024.06.25"]
[Round "1"]
[White "ccccvhhhj"]
[Black "Dolphin_2010"]
[Result "0-1"]
[WhiteElo "2466"]
[BlackElo "2812"]
[TimeControl "180+1"]
[EndTime "14:07:46 PDT"]
[Termination "Dolphin_2010 won on time"]

1. e4 c6 2. d4 d5 3. exd5 cxd5 4. c4 Nf6 5. Nc3 g6 6. Qb3 Bg7 7. cxd5 O-O 8. Nge2 Nbd7 9. Nf4 Nb6 10. Be2 Bg4 11.
f3 Bd7 12. O-O Rc8 13. a4 a5 14. Re1 Ne8 15. Be3 Nd6 16. Bf2 Nbc4 17. Bxc4 Rxc4 18. Rad1 Bf5 19. g4 Rb4 20. Qa2 Bc2 21. Rd2 Bb3 22. Qa1 Bh6 23. Bg3 Qb6 24. h4 Rxd4 25. Bf2 Rxd2 26. Bxb6 Bxf4 27. Re2 Rd3 28. Kf2 Rc8 29. Be3 Be5 30. Bb6 Bxc3 31. bxc3 Rcxc3 32. Re3 Rc2+ 33. Re2 Rxe2+ 34. Kxe2 Bc4 35. Kf2 Rd2+ 36. Kg3 Rxd5 37. Be3 Rd3 38. Bh6 f6 39. Qc1 Bd5 40. Qe1 Rxf3+ 41. Kh2 Kf7 42. Qc1 Rd3 43. g5 Nf5 44.
Qc2 Rd4 0-1

[Event "Late-Titled-Tuesday-Blitz-June-25-2024"]
[Site "Chess.com"]
[Date "2024.06.25"]
[Round "1"]
[White "Laico"]
[Black "IMRosen"]
[Result "0-1"]
[WhiteElo "2437"]
[BlackElo "2737"]
[TimeControl "180+1"]
[EndTime "14:07:46 PDT"]
[Termination "IMRosen won on time"]

1. e4 c5 2. Nc3 Nc6 3. f4 e6 4.
Nf3 a6 5. g3 d5 6. Bg2 Nf6 7.
e5 Nd7 8. d3 h5 9. h3 b5 10. O-O Bb7 11. Ne2 Ne7 12. c3 Nf5 13. d4 Qb6 14. g4 hxg4 15. hxg4 Nh4 16. Nxh4 Rxh4 17. Ng3 cxd4 18. cxd4 Rc8 19. Be3 b4 20.
Bf2 Be7 21. Nh5 g6 22. Ng7+ Kf8 23. f5 Rh7 24. fxe6 Kxg7 25. exd7 Rd8 26. Qf3 Qe6 27. Be3 Rxd7 28. Rac1 Bd8 29. Bh3 a5 30. Kg2 g5 31.
Kg3 Ba6 32. Rh1 Bd3 33. Bg2 Rxh1 34. Rxh1 Bg6 35. Rc1 a4 36. Qe2 Rb7 37. Qd2 Be7 38.
Bxg5 b3 39. a3 Bc2 40. Rh1 Qg6 41. Bh6+ Kg8 42. Bf4 Bf5 43. Bf3 Be4 44. Qh2 Qg7 45.
Qh5 Bg6 46. Qh3 Rd7 0-1